 Dungeon Crawl Stone Soup version 0.30-a0-782-ge64f9170bb (webtiles) character file.

Game seed: 16407659296362050904

197 Leeroy the Insei (level 5, -12/33 HPs)
             Began as an Octopode Transmuter on Feb 22, 2023.
             Mangled by an ogre
             ... wielding a +0 giant club
              (19 damage)
             ... on level 3 of the Dungeon.
             The game lasted 00:03:41 (2851 turns).

Leeroy the Insei (Octopode Transmuter)              Turns: 2851, Time: 00:03:42

Health: -12/33     AC:  1    Str:  9    XL:     5   Next: 75%
Magic:  1/8        EV: 18    Int: 18    God:
Gold:   146        SH:  0    Dex: 12    Spells: 0/8 levels left

rFire   . . .      SeeInvis .      - Unarmed
rCold   + . .      Faith    .    (no shield)
rNeg    . . .      Spirit   .    (helmet restricted)
rPois   .          Reflect  .    c - amulet of the acrobat
rElec   .          Harm     .    o - ring of protection from cold
rCorr   .          Rampage  .    q - +5 ring of evasion
Will    .....                    (no ring)
Stlth   ++                       (no ring)
HPRegen 0.25/turn                (no ring)
MPRegen 0.11/turn                (no ring)
                                 (no ring)
                                 (no ring)

@: very slightly contaminated
A: almost no armour, amphibious, 8 rings, camouflage 1, gelatinous body 1,
(nimble swimmer 1), tentacles
a: no special abilities


You were on level 3 of the Dungeon.
You visited 1 branch of the dungeon, and saw 4 of its levels.

You collected 146 gold pieces.

Inventory:

Missiles
 e - 6 javelins
 n - 3 poisoned darts
 r - 4 atropa-tipped darts
Magical Staves
 l - a staff of cold
Jewellery
 c - an amulet of the acrobat (around mantle)
 o - a ring of protection from cold (left tentacle)
 q - a +5 ring of evasion (right tentacle)
Wands
 s - a wand of light (6)
Scrolls
 d - 2 scrolls of teleportation {unknown}
 f - a scroll of enchant weapon {unknown}
 g - a scroll of brand weapon {unknown}
 h - a scroll of silence {unknown}
 j - 4 scrolls of identify {unknown}
 p - a scroll of noise {unknown}
Potions
 a - 2 potions of lignification
 b - a potion of brilliance
 i - 3 potions of attraction {unknown}
 k - a potion of haste {unknown}
 m - a potion of degeneration {unknown}
 t - a potion of flight {unknown}


   Skills:
 - Level 1.0 Fighting
 - Level 2.0 Dodging
 + Level 6.2 Unarmed Combat
 - Level 2.0 Spellcasting
 - Level 2.0 Transmutations


You couldn't memorise any spells.
You knew the following spells:

 Your Spells              Type           Power      Damage    Failure   Level
a - Beastly Appendage     Tmut           18%        N/A       8%          1
b - Spider Form           Tmut/Pois      5%         N/A       34%         3
c - Ice Form              Ice/Tmut       5%         N/A       75%         4

Your spell library contained the following spells:

 Spells                   Type           Power      Damage    Failure   Level
 Wereblood                Tmut           9%         N/A       12%         2
 Apportation              Tloc           2%         N/A       19%         1
 Necrotise                Necr           4%         1d4       19%         1
 Summon Small Mammal      Summ           4%         N/A       19%         1
 Dazzling Flash           Conj/Hex       2%         N/A       47%         3
 Iskenderun's Mystic Bla  Conj/Tloc      1%         2d3       87%         4
 Alistair's Intoxication  Tmut/Pois      3%         N/A       97%         5
 Summon Forest            Summ/Tloc      0%         N/A       99%         5
 Eringya's Noxious Bog    Tmut/Pois      2%         N/A       100%        6
 Starburst                Conj/Fire      0%         6d3       100%        6
 Summon Hydra             Summ           0%         N/A       100%        7


Dungeon Overview and Level Annotations

Branches:
Dungeon (4/15)
 Temple: D:4-7

Altars:
Hepliaklqana
Vehumet
Zin

Shops:
D:2 =


Innate Abilities, Weirdness & Mutations

You cannot wear most types of armour.
You are amphibious.
You can wear up to eight rings at the same time.
Your skin changes colour to match your surroundings (Stealth+).
Your rubbery body absorbs attacks. (AC +1, EV +1)
((You are camouflaged when in or above water. (Stealth+)))
You have tentacles for arms and can constrict up to eight enemies at once.


Message History

The ogre completely misses you.
An orc comes into view. It is wielding a +0 mace.
There is a stone staircase leading up here.
The ogre closely misses you. The orc hits you with a +0 hand axe.
You climb upwards.
Your transformation is almost over.
There is a stone staircase leading down here.
The ogre completely misses you. The orc completely misses you.
Your magical contamination has completely faded away.
The orc completely misses you.
You hit the orc but do no damage.
The orc is poisoned.
You hit the orc but do no damage.
The orc looks as sick as possible!
The orc hits you with a +0 hand axe. The ogre completely misses you.
The orc misses you.
You kill the orc!
The ogre hits you with a +0 giant club!!
Ouch! That really hurt!
* * * LOW HITPOINT WARNING * * *
You bite the ogre!
The ogre is poisoned.
The ogre is moderately wounded.
The ogre completely misses you.
Your transformation has ended.
Sorry, you're not good enough to have a special ability.
Unknown command.
Casting: Spider Form (quite dangerous; 34% risk of failure)
Confirm with . or Enter, or press ? or * to list all spells.
The spell is quite dangerous to miscast (34% risk of failure)!
Continue anyway?
You miscast Spider Form.
You are very lightly contaminated with residual magic.
Nothing appears to happen.
The ogre misses you.
You tentacle-slap the ogre. You squeeze the ogre.
The ogre is heavily wounded.
You tentacle-slap the ogre.
The ogre is severely wounded.
The ogre misses you.
You tentacle-slap the ogre. Your squeeze misses the ogre.
The ogre is almost dead.
The ogre hits you with a +0 giant club!!
Ouch! That really hurt!
You die...

#...>..........####^###
#....[.....#...# .....
#...>......#...#.......
##.).......#...#.......
##.............^..._...
#..........#...#.......
#.....<....#...#.......
#.....O)...#...# .....
#.....@....#...########
#....####......))......
##...#..#.#.#.#######..
##..#....#.#^# ##.
####._..#.#.# #.
#......#.### #.
#..##.##...#### #.
####..<.......# #.
#..........##.####


You could see an ogre (poisoned).

Vanquished Creatures
  Natasha (thrice) (D:2)
  4 gnolls
  2 adders (D:3)
  A worm (D:2)
  2 dart slugs
  4 orcs (D:3)
  4 bats
  3 endoplasms
  4 giant cockroaches
  7 hobgoblins
  3 kobolds
  4 quokkas
  5 ball pythons
  4 frilled lizards
  4 goblins
  3 rats
57 creatures vanquished.

Vanquished Creatures (others)
  14 plants (D:1)
14 creatures vanquished.

Grand Total: 71 creatures vanquished

Notes
Turn   | Place    | Note
-------+----------+-------------------------------------------
     0 | D:1      | Leeroy the Octopode Transmuter began the quest for the Orb.
     0 | D:1      | Reached XP level 1. HP: 13/13 MP: 3/3
   205 | D:1      | Reached XP level 2. HP: 18/18 MP: 5/5
  1081 | D:2      | Reached skill level 4 in Unarmed Combat
  1136 | D:2      | Reached XP level 3. HP: 23/23 MP: 6/6
  1364 | D:2      | Found Soawu's Jewellery Boutique.
  1445 | D:2      | Noticed Natasha
  1457 | D:2      | Killed Natasha
  1565 | D:2      | Reached XP level 4. HP: 28/28 MP: 7/7
  1577 | D:2      | Noticed Natasha
  1588 | D:2      | Killed Natasha
  1589 | D:2      | Reached skill level 5 in Unarmed Combat
  1702 | D:2      | Noticed Natasha
  1854 | D:2      | Identified the +3 ring mail of a wizard's laboratory {rPois
                  | rC+ Will+ Dex+2}
  1918 | D:2      | Killed Natasha
  1919 | D:2      | Reached XP level 5. HP: 29/33 MP: 6/8
  1962 | D:2      | Learned a level 3 spell: Spider Form
  1967 | D:2      | Learned a level 4 spell: Ice Form
  2099 | D:3      | Found a hazy altar of Hepliaklqana.
  2268 | D:3      | Reached skill level 6 in Unarmed Combat
  2279 | D:3      | Found a glowing silver altar of Zin.
  2410 | D:3      | Found a radiant altar of Vehumet.
  2636 | D:4      | Noticed an ogre
  2851 | D:3      | Mangled by an ogre

Illustrated notes

Levels and vault maps discovered:
D:1:      mrwooster_arrival_statue, layout_loops_ring, wad_woods_river_04
D:2:      layout_loops_ring, serial_shops, nicolae_shop_behind_doors,
          uniq_natasha
D:3:      layout_rooms, mainiacjoe_overflow_alcove_1,
          mainiacjoe_overflow_24_doors, lemuel_tele_altar
D:4:      layout_layer_cave, general_overflow_altar, kennysheep_little_box,
          minmay_temple_entry_tees, minmay_manual_monstrance

Skill      XL: |  1  2  3  4  5 |
---------------+----------------+-----
Unarmed Combat | 4 5 6 |  6.2
Fighting       | |  1.0
Dodging        | |  2.0
Spellcasting   | |  2.0
Transmutations | |  2.0

Action                     |  1- 3 |  4- 6 || total
---------------------------+-------+-------++-------
  Melee: Unarmed           |   125 |    76 ||   201
         Constrict         |    31 |    16 ||    47
         Tentacles         |    30 |    16 ||    46
         Punch             |     7 |     2 ||     9
         Kick              |       |     6 ||     6
   Cast: Beastly Appendage |       |     5 ||     5
         Spider Form       |       |     1 ||     1
   Stab: Sleeping          |     8 |     4 ||    12
 Armour: Skin              |     5 |     1 ||     6
  Dodge: Dodged            |    40 |    63 ||   103

Table legend: (Time is in decaauts)
 A = Elapsed time spent in this place.
 B = Non-inter-level travel time spent in this place.
 C = Inter-level travel time spent in this place.
 D = Time resting spent in this place.
 E = Time spent auto-exploring this place.
 F = Levels seen in this place.
 G = Mean time per level.
                   A        B        C        D        E       F      G
               +--------+--------+--------+--------+--------+-----+--------+
         Total |   2834 |   2731 |    103 |    175 |   1997 |   4 |  708.5 |
       Dungeon |   2834 |   2731 |    103 |    175 |   1997 |   4 |  708.5 |
               +--------+--------+--------+--------+--------+-----+--------+

Top non-repeatable levels by time:
     D:1: 1070 daAuts
     D:2: 1000 daAuts
     D:3: 757 daAuts
     D:4: 6 daAuts
